 Dungeon Crawl Stone Soup version 0.29-a0-221-gceb61267dd (webtiles) character file.

Game seed: 15293730724321006138

4 sanka the Magician (level 1, 0/13 HPs)
             Began as a Gnoll Wanderer on Feb 26, 2022.
             Slain by a kobold
             ... wielding a +0 short sword
              (3 damage)
             ... on level 1 of the Dungeon.
             The game lasted 00:00:46 (274 turns).

sanka the Magician (Gnoll Wanderer)                  Turns: 274, Time: 00:00:47

Health: 0/13       AC:  4    Str: 11    XL:     1   Next: 60%
Magic:  4/8        EV: 13    Int:  9    God:
Gold:   12         SH:  0    Dex: 13    Spells: 13/14 levels left

rFire   . . .      SeeInvis .   a - +0 dagger (vorpal)
rCold   . . .      Faith    .   (no shield)
rNeg    . . .      Spirit   .   d - +0 leather armour
rPois   .          Reflect  .   c - +0 helmet
rElec   .          Harm     .   (no cloak)
rCorr   .          Rampage  .   (no gloves)
Will    .....                   (no boots)
Stlth   +.........              (no amulet)
HPRegen 0.04/turn               (no ring)
MPRegen 0.11/turn               (no ring)

@: very slightly contaminated
A: fangs 1, strong nose, distributed training
a: no special abilities


You were on level 1 of the Dungeon.
You visited 1 branch of the dungeon, and saw 1 of its levels.

You collected 12 gold pieces.


Innate Abilities, Weirdness & Mutations

You have very sharp teeth.
Your uncanny sense of smell can sniff out nearby items.
Your experience applies equally to all skills.


   Skills:
 + Level 0.1 Fighting
 + Level 0.1 Short Blades
 + Level 0.1 Long Blades
 + Level 0.1 Axes
 + Level 0.1 Maces & Flails
 + Level 0.1 Polearms
 + Level 0.1 Staves
 + Level 0.1 Slings
 + Level 0.1 Bows
 + Level 0.1 Crossbows
 + Level 6.4 Throwing
 + Level 0.1 Armour
 + Level 4.4 Dodging
 + Level 0.1 Stealth
 + Level 0.1 Shields
 + Level 0.1 Unarmed Combat
 + Level 7.0 Spellcasting
 + Level 0.1 Conjurations
 + Level 0.1 Hexes
 + Level 0.1 Summonings
 + Level 0.1 Necromancy
 + Level 0.1 Translocations
 + Level 0.1 Transmutations
 + Level 0.1 Fire Magic
 + Level 0.1 Ice Magic
 + Level 0.1 Air Magic
 + Level 0.1 Earth Magic
 + Level 0.1 Poison Magic
 + Level 2.4 Invocations
 + Level 2.4 Evocations


You had 13 spell levels left.
You knew the following spells:

 Your Spells              Type           Power      Damage    Failure   Level
z - Pain                  Necr           12%        1d4       26%         1

Your spell library contained the following spells:

 Spells                   Type           Power      Damage    Failure   Level
 Vampiric Draining        Necr           3%         2d6       58%         3

Inventory:

Hand Weapons
 a - a +0 vorpal dagger (weapon)
Missiles
 b - a curare-tipped dart {=f}
Armour
 c - a +0 helmet (worn)
 d - a +0 leather armour (worn)
Potions
 e - a potion of brilliance {unknown}
 f - a potion of might {unknown}

Dungeon Overview and Level Annotations

Branches:
Dungeon (1/15)

Altars:

........▒ ........▒
......w.. ........▒
.(......▒▒▒ ∆
...........▒
▒...........▒
.............▒▒▒▒▒▒▒
............wSgbgK.▒
...▒......†▒▒▒▒▒▒▒....▒
....▒.▒...............▒
▒▒...........▒..........
.................... ...
.................... ..
..........▒......... ▒
▒▒..................
▒▒.....▒............


You could see a dart slug, a goblin, a bat, a ball python and a kobold.


Message History

The bat closely misses you.
You hit the bat but do no damage. Your bite misses the bat.
The bat barely misses you. The bat barely misses you.
The bat hits you but does no damage.
You hit the bat but do no damage. The bat misses you.
The bat barely misses you.
You closely miss the bat. Your bite misses the bat. The bat misses you.
The bat misses you.
You miscast Pain.
You are very lightly contaminated with residual magic.
Nothing appears to happen.
The bat barely misses you.
The kobold hits you with a +0 short sword.
* * * LOW HITPOINT WARNING * * *
The bat resists with significant effort.
The bat hits you but does no damage. The bat hits you but does no damage.
The kobold barely misses you.
The bat resists with significant effort.
The bat closely misses you. The kobold closely misses you.
The bat resists with significant effort.
The bat barely misses you.
The kobold hits you with a +0 short sword.
You die...

Action                   || total
-------------------------++-------
Melee: Dagger            ||    12
Throw: Dart              ||     1
 Cast: Pain              ||    10
Armor: Leather armour    ||     8
Dodge: Dodged            ||    21

Levels and vault maps discovered:
D:1:      minmay_arrival_nine_rooms, layout_rooms

Notes
Turn   | Place    | Note
-------+----------+-------------------------------------------
     0 | D:1      | sanka the Gnoll Wanderer began the quest for the Orb.
     0 | D:1      | sanka set off with the following items: a +0 vorpal dagger,
                  | a curare-tipped dart {=f}, a +0 helmet, a +0 leather
                  | armour; and the following spell memorised: Pain; and the
                  | following spells available to memorise: Vampiric Draining
     0 | D:1      | Reached XP level 1. HP: 13/13 MP: 8/8
   274 | D:1      | Slain by a kobold

Vanquished Creatures
  2 giant cockroaches (D:1)
  A bat (D:1)
  A rat (D:1)
4 creatures vanquished.
